 Dungeon Crawl Stone Soup version 0.30-b1-2-g02819fbbbe (webtiles) character file.

Game seed: 5868660744779733685

8 Alarkh the Charlatan (level 2, 22/22 HPs)
             Began as a Demonspawn Artificer on July 11, 2023.
             Got out of the dungeon alive.
             The game lasted 00:00:52 (755 turns).

Alarkh the Charlatan (Demonspawn Artificer)          Turns: 755, Time: 00:00:53

Health: 22/22      AC:  3    Str: 12    XL:     2   Next: 0%
Magic:  2/2        EV: 11    Int: 12    God:
Gold:   59         SH:  0    Dex: 15    Spells: 1/1 levels left

rFire   . . .        k - +0 short sword
rCold   . . .        (no shield)
rNeg    . . .        b - +0 leather armour
rPois   .            (no helmet)
rElec   .            (no cloak)
rCorr   .            (no gloves)
SInv    .            (no boots)
Will    .....        (no amulet)
Stlth   ++           g - ring of flight
HPRegen 0.23/turn    (no ring)
MPRegen 0.08/turn

%: no passive effects
@: flying
A: thin skeletal structure 1
a: no special abilities


You escaped.
You visited 1 branch of the dungeon, and saw 1 of its levels.

You collected 59 gold pieces.

Inventory:

Hand Weapons
 a - a +0 club
 k - a +0 short sword (weapon)
Armour
 b - a +0 leather armour (worn)
Jewellery
 g - a ring of flight (left hand)
Wands
 c - a wand of flame (15) (quivered)
 d - a wand of charming (15)
 e - a wand of iceblast (5)
Scrolls
 h - a scroll of teleportation {unknown}
 i - a scroll of identify {unknown}
 j - a scroll of brand weapon {unknown}
 l - a scroll of vulnerability {unknown}
Potions
 f - a potion of brilliance {unknown}
 m - a potion of curing {unknown}
 n - a potion of might {unknown}


   Skills:
 + Level 2.1 Fighting
 - Level 1.7 Armour
 - Level 0.8 Dodging
 - Level 0.8 Stealth
 - Level 3.0 Evocations


You had one spell level left.
You didn't know any spells.
Your spell library contained the following spells:

 Spells                   Type           Power      Damage    Failure   Level
 Summon Small Mammal      Summ           0%         N/A       38%         1
 Ensorcelled Hibernation  Hex/Ice        0%         N/A       54%         2
 Call Canine Familiar     Summ           0%         N/A       77%         3
 Spider Form              Tmut/Pois      0%         N/A       77%         3
 Summon Guardian Golem    Hex/Summ       0%         N/A       77%         3
 Anguish                  Hex/Necr       0%         N/A       99%         4


Dungeon Overview and Level Annotations

Branches:
Dungeon (1/15)

Altars:


Innate Abilities, Weirdness & Mutations

You have a somewhat thin skeletal structure. (Dex +2, Stealth+)


Message History

Found an escape hatch in the floor.
Found a stone staircase leading down.
A bat comes into view.
Found an amethyst potion.
The bat barely misses you. The bat attacks as you move away!
The bat closely misses you. The bat hits you.
No target in view!
You see here a +0 falchion.
m - a +0 falchion You drop a +0 falchion.
The bat closely misses you.
You closely miss the bat. The bat barely misses you.
The bat closely misses you. The bat barely misses you.
You barely miss the bat. The bat barely misses you.
You hit the bat but do no damage. The bat hits you but does no damage. x2
You closely miss the bat. The bat hits you.
The bat hits you but does no damage. The bat barely misses you.
You hit the bat.
You kill the bat!
You have reached level 2!
Your demonic ancestry asserts itself...
Your bones become slightly less dense.
You see here a bat corpse.
m - a pink potion
n - an amethyst potion You reach down and open the door.
There is an open door here.
There is an open door here.
You see here a bat corpse.
You see here a bat corpse.
There is an open door here.
Found a whip.
You see here a +0 whip.
You see here 8 stones.
Done exploring.
Done exploring.
No target in view!
Unknown command.
There is a staircase leading out of the dungeon here.
Are you sure you want to leave the Dungeon?
This will make you lose the game!
You have escaped!

....#.####################.##.##.
#.....#..## ##...##.##.
#.#####...# ######### #....##....
..# #...###...8...###..........
### #...##..8...8..##.....#.##. #
#...#8.........8#...#...##. # ###
#......8..(..8............( # #.#
#...#8.........8#...##..##.
###.###...##..8.@.8..##...###...>
#...##....###...8...###...######.
###...[...# ######### #..........
###..##..## ##.....(...
.......###################.......
.###.............................
.###.(................####.......
.##....#....#.#.........#########
.##..............................


There were no monsters in sight!

Vanquished Creatures
  An endoplasm (D:1)
  A hobgoblin (D:1)
  A kobold (D:1)
  A ball python (D:1)
  2 bats (D:1)
  A frilled lizard (D:1)
  2 rats (D:1)
9 creatures vanquished.

Notes
Turn   | Place    | Note
-------+----------+-------------------------------------------
     0 | D:1      | Alarkh the Demonspawn Artificer began the quest for the
                  | Orb.
     0 | D:1      | Reached XP level 1. HP: 15/15 MP: 1/1
   529 | D:1      | Gained mutation: You have a somewhat thin skeletal
                  | structure. (Dex +2, Stealth+) [demonic ancestry]
   529 | D:1      | Reached XP level 2. HP: 22/22 MP: 2/2
   755 | D:$      | Got out of the dungeon alive.

Illustrated notes

Levels and vault maps discovered:
D:1:      erik_arrival_orb_chamber, layout_basic, kennysheep_nondescript

Skill      XL: |  1 |
---------------+----+-----
Fighting       | 2 |  2.1
Armour         | |  1.7
Dodging        | |  0.8
Stealth        | |  0.8
Evocations     | |  3.0

Action                     || total
---------------------------++-------
  Melee: Club              ||    18
         Short sword       ||     8
   Stab: Sleeping          ||     1
 Armour: Leather armour    ||     9
  Dodge: Dodged            ||    18
